 Dungeon Crawl Stone Soup version 0.30-b1-2-g02819fbbbe (webtiles) character file.

Game seed: 10325898959943666904

258 Galthrax the Insei (level 6, 0/47 HPs)
             Began as a Gnoll Transmuter on May 20, 2023.
             Slain by Menkaure (12 damage)
             ... on level 4 of the Dungeon.
             The game lasted 00:07:04 (3282 turns).

Galthrax the Insei (Gnoll Transmuter)               Turns: 3282, Time: 00:07:05

Health: 0/47       AC: 11    Str: 16    XL:     6   Next: 16%
Magic:  14/14      EV: 12    Int: 18    God:
Gold:   208        SH:  0    Dex: 12    Spells: 5/15 levels left

rFire   . . .        k - +0 hand axe "Meapiq" {holy, Int+4}
rCold   . . .        (no shield)
rNeg    . . .        s - +5 ring mail of Refuge {Str+6}
rPois   .            o - +0 helmet
rElec   .            (no cloak)
rCorr   .            (no gloves)
SInv    .            (no boots)
Will    .....        (no amulet)
Stlth   +            L - ring of flight
HPRegen 0.27/turn    (no ring)
MPRegen 0.14/turn

%: no passive effects
@: flying
A: fangs 1, strong nose, distributed training
a: no special abilities


You were on level 4 of the Dungeon.
You visited 1 branch of the dungeon, and saw 4 of its levels.

You collected 208 gold pieces.


Innate Abilities, Weirdness & Mutations

You have very sharp teeth.
Your uncanny sense of smell can sniff out nearby items.
Your experience applies equally to all skills.


   Skills:
 + Level 3.2 Fighting
 + Level 1.9 Short Blades
 + Level 1.9 Long Blades
 + Level 1.9 Axes
 + Level 1.9 Maces & Flails
 + Level 1.9 Polearms
 + Level 1.9 Staves
 + Level 1.9 Ranged Weapons
 + Level 1.9 Throwing
 + Level 1.9 Armour
 + Level 5.0 Dodging
 + Level 1.9 Stealth
 + Level 1.9 Shields
 + Level 6.8 Unarmed Combat
 + Level 5.3 Spellcasting
 + Level 1.5 Conjurations
 + Level 1.5 Hexes
 + Level 1.5 Summonings
 + Level 1.5 Necromancy
 + Level 1.5 Translocations
 + Level 4.1 Transmutations
 + Level 1.5 Fire Magic
 + Level 1.5 Ice Magic
 + Level 1.5 Air Magic
 + Level 1.5 Earth Magic
 + Level 1.5 Poison Magic
 + Level 2.1 Invocations
 + Level 1.9 Evocations


You had 5 spell levels left.
You knew the following spells:

 Your Spells              Type           Power      Damage    Failure   Level
b - Beastly Appendage     Tmut           38%        N/A       4%          1
i - Ice Form              Ice/Tmut       14%        N/A       58%         4
s - Spider Form           Tmut/Pois      14%        N/A       22%         3
w - Wereblood             Tmut           19%        N/A       7%          2

Your spell library contained the following spells:

 Spells                   Type           Power      Damage    Failure   Level
 Slow                     Hex            40%        N/A       13%         1
 Confusing Touch          Hex            10%        N/A       36%         3
 Vampiric Draining        Necr           10%        2d6       36%         3

Inventory:

Hand Weapons
 h - a +1 dagger of venom
   (You found it on level 1 of the Dungeon)
 k - the +0 hand axe "Meapiq" (weapon) {holy, Int+4}
   (You found it on level 2 of the Dungeon)

   Int:       It affects your intelligence (+4).
Missiles
 f - 15 boomerangs
 g - 37 stones
 p - 8 poisoned darts
Armour
 a - a +0 robe
 o - a +0 helmet (worn)
   (You found it on level 3 of the Dungeon)
 s - the +5 ring mail of Refuge (worn) {Str+6}
   (You found it on level 2 of the Dungeon)

   Str:       It affects your strength (+6).
Jewellery
 L - a ring of flight (left hand)
   (You found it on level 1 of the Dungeon)
Scrolls
 c - 2 scrolls of fog {unknown}
 d - a scroll of vulnerability {unknown}
 e - 2 scrolls of enchant weapon {unknown}
 i - 2 scrolls of identify {@r1}
 m - 2 scrolls of immolation {unknown}
 n - a scroll of acquirement {unknown}
 q - a scroll of amnesia {unknown}
Potions
 b - 2 potions of lignification {!q}
 j - 4 potions of curing {@q1}
 l - a potion of resistance {unknown}
 r - a potion of invisibility {unknown}
 t - a potion of cancellation {unknown}

Dungeon Overview and Level Annotations

Branches:
Dungeon (4/15) Zot: 20724
 Temple: D:4-7

Altars:

Annotations:
D:4 Menkaure

....8.. ....... ....8..
....... ....8.. ##
####### ....... .#
##.....####....# .#
#........@M....# .#
#..............# .#
#..............# .#
#......##......# .#
##.....##......##
.###############.......+
...#...##..............#
...#...................#
...#..........##.......#


You could see Menkaure (fast).


Message History

There is a stone staircase leading up here.
There is an open door here.
Sigmund the Dreaded comes into view.
He is wielding a +0 scythe.
Sigmund shouts!
Sigmund casts a spell at you. You resist with some effort.
You hit Sigmund.
Sigmund is poisoned.
Sigmund hits you but does no damage.
You closely miss Sigmund. You hit Sigmund.
Sigmund looks as sick as possible!
Sigmund hits you but does no damage.
You hit Sigmund.
Sigmund looks as sick as possible!
Sigmund flickers, as though insubstantial.
Sigmund barely misses you.
You barely miss Sigmund. You bite Sigmund, but do no damage. You hit Sigmund.
Sigmund looks as sick as possible!
Sigmund closely misses you.
You hit Sigmund.
Sigmund looks as sick as possible!
You hit Sigmund.
You kill Sigmund!
Your Fighting skill increases to level 3!
Your Dodging skill increases to level 5!
Your Transmutations skill increases to level 4!
Your Invocations skill increases to level 2!
You have reached level 5!
You have reached level 6! 😎 HP[+13] MP[+3]
You now have 47 max hp (+13).
Your hp is fully restored (47).
Your mp is fully restored (14).
Things that are here:
a +0 scythe; a +0 robe
Found a stone staircase leading down.
t - a silvery potion You reach down and open the door.
There is an open door here.
There is an open door here.
There is an open door here.
Things that are here:
a +0 flail; an orc corpse
There is an open door here.
You see here a +0 short sword.
You reach down and open the door.
There is an open door here.
You reach down and open the door.
There is an open door here.
There is an open door here.
Things that are here:
a +0 scythe; a +0 robe Done exploring.
Unknown command.
Unknown command.
Okay, then.
Okay, then.
Done exploring.
(D) Dungeon
Where to? (Enter - D:3, ? - help)
What level of the Dungeon? (default 1, ? - help)
There is a stone staircase leading down here.
You fly downwards.
There is a stone staircase leading up here.
You now have 208 gold pieces (gained 14).
You reach down and open the door.
There is an open door here.
There is an open door here.
There is an open door here.
A hobgoblin comes into view.
You hit the hobgoblin.
The hobgoblin is poisoned.
The hobgoblin closely misses you.
You hit the hobgoblin but do no damage.
The hobgoblin looks as sick as possible!
You kill the hobgoblin!
No target in view!
Menkaure, Prince of Dust comes into view.
Menkaure shouts!
Your +1 dagger of venom stops dripping with poison.
You feel clever.
The +0 hand axe "Meapiq" {holy, Int+4} softly glows with a divine radiance!
k - the +0 hand axe "Meapiq" (weapon)
{holy, Int+4} Menkaure gestures wildly while chanting.
Menkaure seems to speed up.
Menkaure calls on the powers of darkness!
Your body is wracked with pain! 😮 HP[-22]
You take 22 damage, and now have 25/47 hp.
MASSIVE DAMAGE!! (PAUSE)
You hit Menkaure.
Menkaure convulses.
Your bite misses Menkaure. Menkaure hits you.
* * * LOW HITPOINT WARNING * * *
Menkaure hits you!
* * * LOW HITPOINT WARNING * * *
😱 HP[-14]
You take 14 damage, and now have 11/47 hp.
MASSIVE DAMAGE!! (PAUSE)
You hit Menkaure but do no damage.
Menkaure gestures at you while chanting.
You barely resist.
Okay, then.
As you read the scroll labelled POJAKENWI HIYCA, it crumbles to dust.
It is a scroll of identify.
j - 4 potions of curing Menkaure barely misses you.
Menkaure hits you!
You die...

Skill      XL: |  1  2  3  4 |
---------------+-------------+-----
Spellcasting   | 5 |  5.3
Invocations    | 1 2 |  2.1
Short Blades   | 1 |  1.9
Long Blades    | 1 |  1.9
Axes           | 1 |  1.9
Maces & Flails | 1 |  1.9
Polearms       | 1 |  1.9
Staves         | 1 |  1.9
Ranged Weapons | 1 |  1.9
Throwing       | 1 |  1.9
Armour         | 1 |  1.9
Stealth        | 1 |  1.9
Shields        | 1 |  1.9
Evocations     | 1 |  1.9
Conjurations   | 1 |  1.5
Hexes          | 1 |  1.5
Summonings     | 1 |  1.5
Necromancy     | 1 |  1.5
Translocations | 1 |  1.5
Fire Magic     | 1 |  1.5
Ice Magic      | 1 |  1.5
Air Magic      | 1 |  1.5
Earth Magic    | 1 |  1.5
Poison Magic   | 1 |  1.5
Fighting       | 3 |  3.2
Dodging        | 5 |  5.0
Transmutations | 4 |  4.1
Unarmed Combat | |  6.8

Action                     |  1- 3 |  4- 6 || total
---------------------------+-------+-------++-------
  Melee: Unarmed           |    29 |       ||    29
         Kick              |    23 |     8 ||    31
         Headbutt          |    11 |     5 ||    16
         Dagger            |    45 |    77 ||   122
         Bite              |     5 |     7 ||    12
         Hand axe          |    13 |     2 ||    15
         Punch             |     4 |     2 ||     6
   Cast: Beastly Appendage |    24 |     5 ||    29
    Use: Scroll            |       |     1 ||     1
   Stab: Sleeping          |       |     1 ||     1
 Armour: Robe              |    17 |     9 ||    26
         Ring mail         |       |     8 ||     8
  Dodge: Dodged            |    49 |    35 ||    84

Levels and vault maps discovered:
D:1:      nzn_arrival_settlement, layout_basic
D:2:      layout_basic, dilly_ecumenical_altar_fadedgnrine,
          dreamdust_princess_corridor
D:3:      layout_basic, glass_columns_b, dreamdust_wishing_well, uniq_sigmund
D:4:      layout_gridville, eat_drink_and_be_merry_uskayaw, serial_shops,
          nicolae_shop_tiny_real_fake_doors, uniq_duvessa, uniq_menkaure,
          uniq_natasha

Notes
Turn   | Place    | Note
-------+----------+-------------------------------------------
     0 | D:1      | Galthrax the Gnoll Transmuter began the quest for the Orb.
     0 | D:1      | Reached XP level 1. HP: 17/17 MP: 6/6
     0 | D:1      | magus.rc [v1.11.6]
   151 | D:1      | Reached XP level 2. HP: 17/23 MP: 7/7
   967 | D:1      | Reached skill level 5 in Spellcasting
   967 | D:1      | Reached XP level 3. HP: 28/28 MP: 7/9
  1074 | D:2      | Identified the +0 hand axe "Meapiq" {holy, Int+4}
  1149 | D:2      | You are sucked into a shaft and drop 2 floors!
  1233 | D:4      | Reached skill level 1 in Invocations
  1344 | D:4      | Reached skill level 1 in Short Blades
  1344 | D:4      | Reached skill level 1 in Long Blades
  1344 | D:4      | Reached skill level 1 in Axes
  1344 | D:4      | Reached skill level 1 in Maces & Flails
  1344 | D:4      | Reached skill level 1 in Polearms
  1344 | D:4      | Reached skill level 1 in Staves
  1344 | D:4      | Reached skill level 1 in Ranged Weapons
  1344 | D:4      | Reached skill level 1 in Throwing
  1344 | D:4      | Reached skill level 1 in Armour
  1344 | D:4      | Reached skill level 1 in Stealth
  1344 | D:4      | Reached skill level 1 in Shields
  1344 | D:4      | Reached skill level 1 in Evocations
  1470 | D:4      | Reached XP level 4. HP: 27/34 MP: 9/11
  1603 | D:3      | Reached skill level 1 in Conjurations
  1603 | D:3      | Reached skill level 1 in Hexes
  1603 | D:3      | Reached skill level 1 in Summonings
  1603 | D:3      | Reached skill level 1 in Necromancy
  1603 | D:3      | Reached skill level 1 in Translocations
  1603 | D:3      | Reached skill level 1 in Fire Magic
  1603 | D:3      | Reached skill level 1 in Ice Magic
  1603 | D:3      | Reached skill level 1 in Air Magic
  1603 | D:3      | Reached skill level 1 in Earth Magic
  1603 | D:3      | Reached skill level 1 in Poison Magic
  1930 | D:2      | Learned a level 2 spell: Wereblood
  1934 | D:2      | Learned a level 3 spell: Spider Form
  1939 | D:2      | Learned a level 4 spell: Ice Form
  2180 | D:2      | Identified the +5 ring mail of Refuge {Str+6}
  2540 | D:2      | Found a faded altar of an unknown god.
  2899 | D:3      | You add the spells Slow, Vampiric Draining and Confusing
                  | Touch to your library.
  3004 | D:3      | Noticed Sigmund
  3014 | D:3      | Killed Sigmund
  3015 | D:3      | Reached skill level 3 in Fighting
  3015 | D:3      | Reached skill level 5 in Dodging
  3015 | D:3      | Reached skill level 4 in Transmutations
  3015 | D:3      | Reached skill level 2 in Invocations
  3015 | D:3      | Reached XP level 5. HP: 41/41 MP: 12/12
  3015 | D:3      | Reached XP level 6. HP: 47/47 MP: 14/14
  3267 | D:4      | Noticed Menkaure
  3280 | D:4      | HP: 11/47 [Menkaure (12)]
  3282 | D:4      | Slain by Menkaure

Vanquished Creatures
  Sigmund (D:3)
  3 adders
  2 worms (D:3)
  6 orcs
  3 bats
  6 endoplasms
  A giant cockroach (D:1)
  4 goblins
  8 hobgoblins
  3 jackals (D:1)
  10 kobolds
  4 quokkas
  4 ball pythons
  2 frilled lizards (D:2)
  5 rats
62 creatures vanquished.

Table legend:
 A = Non-vault XP
 B = Vault XP
 C = Vault XP percentage of total XP
 D = Non-vault monster count
 E = Vault monster count
 F = Vault count percentage of total count
                 A         B        C        D         E       F
            +---------+---------+-------+---------+---------+-------
      Total |     155 |     214 |  58.0 |      61 |       1 |   1.6
            +---------+---------+-------+---------+---------+-------
        D:1 |      37 |       0 |   0.0 |      20 |       0 |   0.0
        D:2 |      14 |       0 |   0.0 |      10 |       0 |   0.0
        D:3 |      48 |     214 |  81.7 |      17 |       1 |   5.6
        D:4 |      56 |       0 |   0.0 |      14 |       0 |   0.0
            +---------+---------+-------+---------+---------+-------

Skill      XL: |  1  2  3  4 |
---------------+-------------+-----
Spellcasting   | 5 |  5.3
Invocations    | 1 2 |  2.1
Short Blades   | 1 |  1.9
Long Blades    | 1 |  1.9
Axes           | 1 |  1.9
Maces & Flails | 1 |  1.9
Polearms       | 1 |  1.9
Staves         | 1 |  1.9
Ranged Weapons | 1 |  1.9
Throwing       | 1 |  1.9
Armour         | 1 |  1.9
Stealth        | 1 |  1.9
Shields        | 1 |  1.9
Evocations     | 1 |  1.9
Conjurations   | 1 |  1.5
Hexes          | 1 |  1.5
Summonings     | 1 |  1.5
Necromancy     | 1 |  1.5
Translocations | 1 |  1.5
Fire Magic     | 1 |  1.5
Ice Magic      | 1 |  1.5
Air Magic      | 1 |  1.5
Earth Magic    | 1 |  1.5
Poison Magic   | 1 |  1.5
Fighting       | 3 |  3.2
Dodging        | 5 |  5.0
Transmutations | 4 |  4.1
Unarmed Combat | |  6.8

Action                     |  1- 3 |  4- 6 || total
---------------------------+-------+-------++-------
  Melee: Unarmed           |    29 |       ||    29
         Kick              |    23 |     8 ||    31
         Headbutt          |    11 |     5 ||    16
         Dagger            |    45 |    77 ||   122
         Bite              |     5 |     7 ||    12
         Hand axe          |    13 |     2 ||    15
         Punch             |     4 |     2 ||     6
   Cast: Beastly Appendage |    24 |     5 ||    29
    Use: Scroll            |       |     1 ||     1
   Stab: Sleeping          |       |     1 ||     1
 Armour: Robe              |    17 |     9 ||    26
         Ring mail         |       |     8 ||     8
  Dodge: Dodged            |    49 |    35 ||    84

Illustrated notes

Table legend:
 A = Kills in this place as a percentage of kills in the entire game.
 B = Kills by you in this place as a percentage of kills by you in the entire game.
 C = Kills by friends in this place as a percentage of kills by friends in the entire game.
 D = Other kills in this place as a percentage of other kills in the entire game.
 E = Experience gained in this place as a percentage of experience gained in the entire game.
 F = Experience gained in this place divided by the number of levels of this place that you have seen.
                   A       B       C       D       E      F
               +-------+-------+-------+-------+-------+----------------------
         Total | 100.0 | 100.0 |   N/A |   N/A | 100.0 |  92.2
       Dungeon | 100.0 | 100.0 |   N/A |   N/A | 100.0 |  92.2
               +-------+-------+-------+-------+-------+----------------------

Table legend: (Time is in decaauts)
 A = Elapsed time spent in this place.
 B = Non-inter-level travel time spent in this place.
 C = Inter-level travel time spent in this place.
 D = Time resting spent in this place.
 E = Time spent auto-exploring this place.
 F = Levels seen in this place.
 G = Mean time per level.
                   A        B        C        D        E       F      G
               +--------+--------+--------+--------+--------+-----+--------+
         Total |   3275 |   3064 |    211 |      0 |   2576 |   4 |  818.8 |
       Dungeon |   3275 |   3064 |    211 |      0 |   2576 |   4 |  818.8 |
               +--------+--------+--------+--------+--------+-----+--------+

Top non-repeatable levels by time:
     D:1: 1053 daAuts
     D:2: 959 daAuts
     D:3: 862 daAuts
     D:4: 399 daAuts
